 Dungeon Crawl Stone Soup version 0.20.1-1-g8b1a95d (webtiles) character file.

396 Firecrotchwizard the Chopper (level 6, -8/56 HPs)
             Began as a Minotaur Berserker on Oct 24, 2017.
             Was a Priest of Trog.
             Mangled by an ogre
             ... wielding a +0 giant spiked club
              (26 damage)
             ... on level 4 of the Dungeon.
             The game lasted 00:07:11 (2943 turns).

Firecrotchwizard the Chopper (Minotaur Berserker)   Turns: 2943, Time: 00:07:12

Health: -8/56      AC: 10    Str: 21    XL:     6   Next: 52%
Magic:  5/5        EV:  9    Int:  4    God:    Trog [***...]
Gold:   97         SH:  0    Dex: 12    Spells: 5/5 levels left

rFire    . . .     SeeInvis .   a - +0 war axe
rCold    . . .     Gourm    .   (no shield)
rNeg     . . .     Faith    +   t - +0 chain mail
rPois    .         Spirit   .   (helmet restricted)
rElec    .         Reflect  .   e - +0 cloak
rCorr    .         Harm     .   (no gloves)
MR       .....                  (no boots)
Stlth    ..........             j - amulet of faith {Faith, !P}
Regen    0.2/turn               (no ring)
MPRegen  0.1/turn               (no ring)

@: no status effects
A: retaliatory headbutt, horns 2
a: Berserk, Trog's Hand, Burn Spellbooks, Renounce Religion


You were on level 4 of the Dungeon.
You worshipped Trog.
Trog was most pleased with you.
You were hungry.

You visited 1 branch of the dungeon, and saw 4 of its levels.

You collected 97 gold pieces.

Inventory:

Hand Weapons
 a - a +0 war axe (weapon)
   (You took it off an orc priest on level 3 of the Dungeon)
 b - a +1 hunting sling
   (You found it on level 1 of the Dungeon)
Missiles
 n - 21 sling bullets
Armour
 e - a +0 cloak (worn)
   (You found it on level 2 of the Dungeon)
 t - a +0 chain mail (worn)
   (You took it off an orc on level 3 of the Dungeon)
Jewellery
 j - an amulet of faith (around neck) {Faith, !P}
   (You found it on level 2 of the Dungeon)
Scrolls
 d - 4 scrolls of enchant armour
 g - a scroll of enchant weapon
 k - a scroll of teleportation
 o - a scroll of fear
 p - a scroll of identify
Potions
 i - a potion of heal wounds {unknown}
 l - a potion of degeneration {unknown}
 m - a potion of agility {unknown}
 r - a potion of curing {unknown}
 s - 2 potions of brilliance {unknown}
Comestibles
 c - 4 bread rations {@e1}
 h - 2 royal jellies


   Skills:
 + Level 5.0 Fighting
 * Level 6.3 Axes
 + Level 4.1 Armour
 + Level 4.1 Dodging


You had 5 spell levels left.
You didn't know any spells.

Dungeon Overview and Level Annotations

Branches:
Dungeon (4/15)
 Temple: D:4-7

Altars:


Innate Abilities, Weirdness & Mutations

You reflexively headbutt those who attack you in melee.
You have a pair of horns on your head.


Message History

The phantom blinks!
Your chain mail prevents you from hitting the adder.
The adder bites you but does no damage. x2
You barely miss the adder. The adder bites you.
You miss the adder. Your headbutt misses the adder.
The adder bites you but does no damage. The adder barely misses you.
You closely miss the adder. You headbutt the adder!
The adder bites you but does no damage.
You closely miss the adder. The adder bites you.
The adder bites you but does no damage.
You take 1 damage, and have 32/47 hp.
You miss the adder. The adder bites you but does no damage.
You closely miss the adder. The adder bites you. The adder barely misses you.
You furiously retaliate!
You headbutt the adder!
You kill the adder!
Trog accepts your kill.
You take 2 damage, and have 30/47 hp.
You barely miss the crimson imp. You headbutt the crimson imp!
You kill the crimson imp!
Trog accepts your kill. Something appears at your feet! Trog grants you a gift!
Your Axes skill increases to level 6!
You have reached level 6!
Your experience leads to an increase in your attributes!
Increase (S)trength, (I)ntelligence, or (D)exterity?
You feel agile.
You regained 4 hp, and now have 34/53 hp.
MP restored: 5 You barely miss the phantom.
You headbutt the phantom!
The phantom hits you but does no damage.
You hit the phantom but do no damage. The phantom closely misses you.
The phantom hits you but does no damage.
You slash the phantom!
You destroy the phantom!
Trog accepts your kill.
Your Armour skill increases to level 4!
Your Dodging skill increases to level 4!
You see here 5 javelins of penetration.
f - 5 javelins of penetration You start resting.
An orc comes into view.
You regained 12 hp, and now have 48/55 hp.
Aim: an orc, wearing a ring mail (hasn't noticed you)
You throw a javelin of penetration.
The javelin of penetration closely misses the orc.
A worker ant comes into view.
Aim: an orc, wearing a ring mail You throw a javelin of penetration.
The worker ant twitches its antennae in your direction.
The javelin of penetration pierces through the worker ant but does no damage.
Aim: a worker ant You throw a javelin of penetration.
The javelin of penetration pierces through the worker ant!
Aim: a worker ant (heavily wounded)
You throw a javelin of penetration.
The javelin of penetration barely misses the worker ant.
The worker ant barely misses you.
You closely miss the worker ant. You hit the orc.
The worker ant bites you but does no damage.
The orc hits you but does no damage.
You barely miss the orc. You headbutt the orc.
You kill the orc!
Trog accepts your kill.
You hit the worker ant but do no damage.
The worker ant bites you but does no damage.
The worker ant bites you.
You take 2 damage, and have 47/55 hp.
You slash the worker ant!
You kill the worker ant!
Trog accepts your kill.
Your Fighting skill increases to level 5!
No target in view!
You start resting.
Health restored: 56 An ogre comes into view.
It is wielding a giant spiked club.
You see here a worker ant corpse.
Aim: an ogre, wielding a giant spiked club (hasn't noticed you)
You throw a javelin of penetration.
The javelin of penetration pierces through the ogre!
b - a +1 hunting sling (weapon)
Aim: an ogre, wielding a giant spiked club (moderately wounded)
You shoot a sling bullet. The sling bullet hits the ogre.
a - a +0 war axe (weapon)
You slash the ogre!
The ogre hits you with a giant spiked club!!
Ouch! That really hurt!
You take 28 damage, and have 28/56 hp.
MASSIVE DAMAGE!!
You hit the ogre. Your headbutt misses the ogre.
The ogre hits you with a giant spiked club!
You take 11 damage, and have 17/56 hp.
Unknown command.
You closely miss the ogre. Your headbutt misses the ogre.
You are feeling hungry.
Your chain mail prevents you from hitting the ogre.
The ogre barely misses you.
You hit the ogre.
The ogre hits you with a giant spiked club!!
You die...

#.. .... !## #
###..####.+##..#..
.......<..†.......
..................
..................
.$................
.##...###..#..#?#
#..[##.[†#..#.#.
#.>......@.......
#........O...(#..
............(#
......<.(...(+
#####.#.#.#..#
....#(...# ...(.
..... ......
......


You could see an ogre.

Vanquished Creatures
  A phantom (D:4)
  A howler monkey (D:4)
  A crimson imp (D:4)
  2 orc priests (D:3)
  An orc wizard (D:3)
  Terence (D:2)
  A worker ant (D:4)
  An adder (D:4)
  An ooze (D:2)
  2 worms (D:2)
  A dart slug (D:1)
  5 leopard geckos
  8 orcs
  2 ball pythons
  3 giant cockroaches
  11 goblins
  2 hobgoblins
  3 jackals (D:3)
  3 quokkas (D:3)
  10 bats
  3 frilled lizards
  7 kobolds
  8 rats
78 creatures vanquished.

Notes
Turn   | Place    | Note
-------+----------+-------------------------------------------
     0 | D:1      | Firecrotchwizard the Minotaur Berserker began the quest for the Orb.
     0 | D:1      | Reached XP level 1. HP: 19/19 MP: 0/0
    38 | D:1      | HP: 4/19 [goblin (4)]
   434 | D:1      | Reached XP level 2. HP: 25/27 MP: 1/1
   441 | D:1      | Reached skill level 4 in Axes
   594 | D:1      | Reached skill level 4 in Fighting
  1096 | D:2      | Reached XP level 3. HP: 21/33 MP: 2/2
  1342 | D:2      | Noticed Terence
  1354 | D:2      | Killed Terence
  1541 | D:2      | Reached XP level 4. HP: 37/40 MP: 3/3
  1783 | D:2      | Reached skill level 3 in Dodging
  2000 | D:3      | Reached ** piety under Trog
  2028 | D:3      | Reached skill level 3 in Armour
  2119 | D:3      | Reached skill level 5 in Axes
  2286 | D:3      | Reached XP level 5. HP: 44/47 MP: 4/4
  2536 | D:3      | Reached *** piety under Trog
  2796 | D:4      | Noticed a phantom
  2813 | D:4      | Received a gift from Trog
  2813 | D:4      | Reached skill level 6 in Axes
  2813 | D:4      | Reached XP level 6. HP: 33/53 MP: 5/5
  2816 | D:4      | Reached skill level 4 in Armour
  2816 | D:4      | Reached skill level 4 in Dodging
  2892 | D:4      | Reached skill level 5 in Fighting
  2943 | D:4      | Mangled by an ogre

Skill      XL: |  1  2  3  4  5  6 |
---------------+-------------------+-----
Axes           | 4 5 6 |  6.3
Fighting       | 4 5 |  5.0
Dodging        | 3 4 |  4.1
Armour         | 3 4 |  4.1

Action                   |  1- 3 |  4- 6 || total
-------------------------+-------+-------++-------
Melee: Hand axe          |    83 |    31 ||   114
       Headbutt          |    10 |    17 ||    27
       War axe           |       |    62 ||    62
 Fire: Hunting sling     |     2 |     4 ||     6
Throw: Javelin           |       |     5 ||     5
Invok: Berserk           |     1 |       ||     1
  Use: Scroll            |     1 |     6 ||     7
  Eat: Chunk             |     3 |     4 ||     7
Armor: Animal skin       |     8 |       ||     8
       Ring mail         |    16 |       ||    16
       Scale mail        |     2 |    28 ||    30
       Chain mail        |       |    23 ||    23
Dodge: Dodged            |    52 |    61 ||   113

Vault maps used:
D:1:      lightli_arrival_boilingwater, st_stairs_13, minivault_24,
          minivault_14, minmay_tromino_v4_b
D:2:      first_bread, uniq_terence
D:3:      bh_chokoban
D:4:      cheibrodos_quashed, grunt_qazlal_sundering

Table legend:
 A = Turns spent in this place as a percentage of turns spent in the entire game.
 B = Non-inter-level travel turns spent in this place as a percentage of non-inter-level travel turns spent in the entire game.
 C = Inter-level travel turns spent in this place as a percentage of turns spent in this place.
 D = Turns resting spent in this place as a percentage of non-inter-level travel turns spent in this place.
 E = Turns spent auto-exploring this place as a percentage of non-inter-level travel turns spent in this place.
 F = Non-inter-level travel turns spent in this place divided by the number of levels of this place that you've seen.
                   A       B       C       D       E      F
               +-------+-------+-------+-------+-------+----------------------
         Total | 100.0 | 100.0 |   0.9 |   3.5 |  14.6 | 157.5
       Dungeon | 100.0 | 100.0 |   0.9 |   3.5 |  14.6 | 157.5
               +-------+-------+-------+-------+-------+----------------------

Table legend:
 A = Kills in this place as a percentage of kills in entire the game.
 B = Kills by you in this place as a percentage of kills by you in the entire game.
 C = Kills by friends in this place as a percentage of kills by friends in the entire game.
 D = Other kills in this place as a percentage of other kills in the entire game.
 E = Experience gained in this place as a percentage of experience gained in the entire game.
 F = Experience gained in this place divided by the number of levels of this place that you have seen.
                   A       B       C       D       E      F
               +-------+-------+-------+-------+-------+----------------------
         Total | 100.0 | 100.0 |  -nan |  -nan | 100.0 | 141.5
       Dungeon | 100.0 | 100.0 |  -nan |  -nan | 100.0 | 141.5
               +-------+-------+-------+-------+-------+----------------------
